 Dungeon Crawl Stone Soup version 0.25-a0-731-g0472a16d6a (webtiles) character file.

Game seed: 12232692885696802376, levelgen mode: deterministic

37 MisterFreud the Skirmisher (level 3, -1/18 HPs)
             Began as a Felid Skald on Apr 8, 2020.
             Hit by a goblin thrown by Robin (3 damage)
             ... on level 2 of the Dungeon.
             The game lasted 00:04:11 (1430 turns).

MisterFreud the Skirmisher (Felid Skald)            Turns: 1430, Time: 00:04:12

Health: -1/18      AC:  1    Str:  7    XL:     3   Next: 21%
Magic:  9/16       EV: 18    Int: 14    God:
Gold:   46         SH:  0    Dex: 16    Spells: 3/6 levels left
                                        Lives:  0   Deaths: 0

rFire    . . .     SeeInvis +     - Unarmed
rCold    . . .     Gourm    .   (shield unavailable)
rNeg     . . .     Faith    .   (armour unavailable)
rPois    .         Spirit   .   (helmet unavailable)
rElec    .         Reflect  .   (cloak unavailable)
rCorr    .         Harm     .   (gloves unavailable)
MR       .....                  (boots unavailable)
Stlth    ++........             (no amulet)
HPRegen  0.06/turn              f - ring of magical power
MPRegen  0.15/turn              (no ring)

@: infused, very slightly contaminated, quick
A: very small, no armour, no weapons or thrown items, stealth, claws 1, fangs 3,
see invisible, carnivore, speed 1, shaggy fur 1, slow metabolism 1, sharp paws
a: no special abilities


You were on level 2 of the Dungeon.
You were completely stuffed.

You visited 1 branch of the dungeon, and saw 2 of its levels.

You collected 46 gold pieces.

Inventory:

Jewellery
 f - a ring of magical power (left paw)
Scrolls
 g - a scroll of teleportation {unknown}
 i - a scroll of identify {unknown}
 j - a scroll of random uselessness {unknown}
Potions
 a - 3 potions of flight {unknown}
 c - 2 potions of heal wounds {unknown}
 d - a potion of curing {unknown}
 h - a potion of invisibility {unknown}
Comestibles
 b - 3 rations
 k - a chunk of flesh


   Skills:
 * Level 3.7 Fighting
 - Level 3.2 Dodging
 - Level 2.0 Unarmed Combat
 - Level 2.0 Spellcasting
 - Level 3.6 Charms


You had 3 spell levels left.
You knew the following spells:

 Your Spells              Type           Power        Failure   Level  Hunger
a - Infusion              Chrm           ##..         5%          1    ##.....
b - Shroud of Golubria    Chrm/Tloc      #.....       17%         2    ###....

Your spell library contained the following spells:

 Spells                   Type           Power        Failure   Level  Hunger
 Song of Slaying          Chrm           ##......     9%          2    ###....
 Ozocubu's Armour         Chrm/Ice       #.......     34%         3    ####...
 Spectral Weapon          Hex/Chrm       Unusable     N/A         3    N/A

Dungeon Overview and Level Annotations

Branches:
Dungeon (2/15)

Altars:

Annotations:
D:2 Robin


Innate Abilities, Weirdness & Mutations

You cannot wear armour.
You are incapable of wielding weapons or throwing items.
Your paws allow you to move quietly. (Stealth)
You have sharp claws.
You have razor-sharp teeth.
You have supernaturally acute eyesight. (SInv)
You are carnivorous and can eat meat at any time.
You cover ground quickly.
You are covered in fur. (AC +1)
You have a slow metabolism.
Your sharp claws are effective at attacking unaware monsters.


Message History

You closely miss the goblin.
Your shroud bends the goblin's attack away.
The goblin closely misses you.
You closely miss the goblin.
The frilled lizard hisses angrily.
You bite the goblin.
The goblin is severely wounded.
You hear a shout!
Your shroud bends the goblin's attack away.
A goblin comes into view. It is wielding a +0 dagger.
The goblin hits you but does no damage.
You closely miss the goblin.
The goblin is severely wounded.
Robin's horned helmet rattles.
Robin throws the goblin at you! The goblin hits you with a +0 dagger.
The goblin hits you with a +0 dagger! The goblin hits you.
* * * LOW HITPOINT WARNING * * *
Your shroud falls apart!
Robin throws the goblin at you!
You die...

.........####
........g.?.#
............#
......†(gl..# #.#
......##gh### #.# .....
##g## #.# ..(. #gg# #.#
### ##g## #.# #@g# #.#
##.# #.# ###### #.###.#
.....# #..##.# .....#
##.##.# .....# #).#.#
.....# ########)#.#
.....# #..........#
.....#######.........(#


You could see Robin, a jackal, 7 goblins and a frilled lizard.

Vanquished Creatures
  3 giant cockroaches (D:1)
  3 hobgoblins
  7 jackals
  3 kobolds (D:1)
  A ball python (D:1)
  6 bats (D:1)
  3 frilled lizards
  3 goblins
  5 rats
34 creatures vanquished.

Notes
Turn   | Place    | Note
-------+----------+-------------------------------------------
     0 | D:1      | MisterFreud the Felid Skald began the quest for the Orb.
     0 | D:1      | Reached XP level 1. HP: 9/9 MP: 4/4
   374 | D:1      | Reached XP level 2. HP: 7/13 MP: 6/6
   631 | D:1      | Learned a level 2 spell: Shroud of Golubria
  1332 | D:2      | Reached XP level 3. HP: 17/17 MP: 7/7
  1384 | D:2      | Noticed Robin
  1430 | D:2      | Hit by a goblin thrown by Robin

Levels and vault maps discovered:
D:1:      heliophobic_arrival_glass_houses, layout_basic, minmay_unequal
D:2:      layout_basic, first_ration, uniq_robin

Skill      XL: |  1  2 |
---------------+-------+-----
Fighting       | 3 |  3.7
Dodging        | |  3.2
Unarmed Combat | |  2.0
Spellcasting   | |  2.0
Charms         | |  3.6

Action                   || total
-------------------------++-------
Melee: Unarmed           ||    98
       Bite              ||     9
 Cast: Infusion          ||    13
       Shroud of Golubri ||     2
  Use: Scroll            ||     2
  Eat: Chunk             ||     9
Armor: Skin              ||     5
Dodge: Dodged            ||    93

Table legend:
 A = Non-vault XP
 B = Vault XP
 C = Vault XP percentage of total XP
 D = Non-vault monster count
 E = Vault monster count
 F = Vault count percentage of total count
                 A         B        C        D         E       F
            +---------+---------+-------+---------+---------+-------
      Total |      45 |       8 |  15.1 |      29 |       5 |  14.7
            +---------+---------+-------+---------+---------+-------
        D:1 |      36 |       4 |  10.0 |      23 |       3 |  11.5
        D:2 |       9 |       4 |  30.8 |       6 |       2 |  25.0
            +---------+---------+-------+---------+---------+-------
